 Dungeon Crawl Stone Soup version 0.29.1-2-gbd0b4ee654 (webtiles) character file.

Game seed: 7574535261306725828

2559 Peloso the Protected (level 9, -8/80 HPs)
             Began as a Minotaur Fighter on Nov 30, 2022.
             Was a Believer of Okawaru.
             Mangled by an orc warrior
             ... wielding a +0 war axe
              (13 damage)
             ... on level 7 of the Dungeon.
             The game lasted 00:13:39 (7534 turns).

Peloso the Protected (Minotaur Fighter)             Turns: 7534, Time: 00:13:39

Health: -8/80      AC: 13    Str: 22    XL:     9   Next: 31%
Magic:  6/8        EV: 11    Int:  5    God:    Okawaru [**....]
Gold:   284        SH:  7    Dex: 13    Spells: 8/8 levels left

rFire   + . .      SeeInvis .   a - +0 long sword
rCold   . . .      Faith    .   c - +0 buckler
rNeg    . . .      Spirit   .   d - +0 chain mail
rPois   .          Reflect  .   (helmet restricted)
rElec   .          Harm     .   (no cloak)
rCorr   +          Rampage  .   (no gloves)
Will    .....                   (no boots)
Stlth   ..........              (no amulet)
HPRegen 0.23/turn               m - ring of protection from fire
MPRegen 0.11/turn               s - ring of resist corrosion

@: heroic
A: horns 2, retaliatory headbutt
a: Renounce Religion, Heroism


You were on level 7 of the Dungeon.
You worshipped Okawaru.
Okawaru was pleased with you.
You visited 2 branches of the dungeon, and saw 8 of its levels.

You collected 336 gold pieces.
You spent 52 gold pieces at shops.

Inventory:

Hand Weapons
 a - a +0 long sword (weapon)
Missiles
 t - 3 throwing nets (quivered)
Armour
 b - a +0 scale mail
 c - a +0 buckler (worn)
 d - a +0 chain mail (worn)
Jewellery
 k - a ring of magical power
 m - a ring of protection from fire (left hand)
 s - a ring of resist corrosion (right hand)
 v - a +4 ring of protection
 x - a ring of wizardry
Wands
 h - a wand of iceblast (1)
 C - a wand of flame (14)
Scrolls
 e - 2 scrolls of noise {unknown}
 f - 2 scrolls of vulnerability {unknown}
 j - a scroll of butterflies {unknown}
 n - a scroll of blinking {unknown}
 p - 3 scrolls of amnesia {unknown}
 u - a scroll of acquirement {unknown}
 y - a scroll of magic mapping {unknown}
 z - 2 scrolls of teleportation {unknown}
 A - a scroll of summoning {unknown}
 B - a scroll of torment {unknown}
 D - a scroll of enchant weapon {unknown}
 E - a scroll of poison
 F - a scroll of identify
Potions
 g - 4 potions of cancellation
 i - a potion of might
 l - 4 potions of curing
 o - 2 potions of flight
 q - 2 potions of brilliance
 r - 3 potions of heal wounds
 w - 2 potions of attraction {unknown}
 G - a potion of lignification {unknown}


   Skills:
 + Level 7.7(12.7) Fighting
 + Level 9.1(14.1) Long Blades
 + Level 9.2(14.2) Armour
 + Level 1.9(6.9) Dodging
 + Level 0.5(5.5) Stealth
 + Level 6.0(11.0) Shields
 + Level 1.2 Evocations


You had 8 spell levels left.
You didn't know any spells.
Your spell library contained the following spells:

 Spells                   Type           Power      Damage    Failure   Level
 Foxfire                  Conj/Fire      0%         2x1d4     97%         1
 Conjure Flame            Conj/Fire      0%         6-21      100%        3
 Inner Flame              Hex/Fire       0%         N/A       100%        3
 Flame Wave               Conj/Fire      0%         2d4       100%        4


Dungeon Overview and Level Annotations

Branches:
Dungeon (7/15)             Temple (1/1) D:4

Altars:
Ashenzari
Cheibriados
Kikubaaqudgha
Nemelex Xobeh
Okawaru
Qazlal
Ru
Trog
Uskayaw
Vehumet
Wu Jian
Zin

Shops:
D:5 !   D:6 *

Annotations:
D:3 2 transporters, Henri's ghost, amateur MfGl
D:5 2 runed translucent doors, ymhsbmbesitwf's ghost, amateur PaGl


Innate Abilities, Weirdness & Mutations

You have a pair of horns on your head.
You reflexively headbutt those who attack you in melee.


Message History

A puff of flame appears from out of thin air!
The puff of flame hits you but does no damage.
The orc warrior hits you with a +0 war axe.
You hit something but do no damage. Something hits you.
The orc warrior hits you with a +0 war axe.
You closely miss something. You hit something but do no damage.
Something hits you but does no damage. You block the orc warrior's attack.
You miss something. Something hits you. You block the orc warrior's attack.
You hit something but do no damage. Your headbutt misses something.
You block something's attack.
The orc warrior hits you with a +0 war axe!
You closely miss something.
You hear some strange, mumbled words.
A magic dart appears from out of thin air!
The magic dart hits you. You block the orc warrior's attack.
You gain the combat prowess of a mighty hero.
You block something's attack. You block the orc warrior's attack.
You barely miss something. Something hits you but does no damage.
The orc warrior hits you but does no damage.
You barely miss something. Your headbutt misses something.
Something hits you but does no damage.
The orc warrior hits you with a +0 war axe!
* * * LOW HITPOINT WARNING * * *
You hit something but do no damage. You slash something!
Okawaru accepts your kill.
Reactivating autopickup.
You feel a bit more experienced.
You hit the orc warrior but do no damage.
The orc warrior closely misses you.
You hit the orc warrior but do no damage.
You headbutt the orc warrior, but do no damage.
The orc closely misses you.
The orc warrior hits you with a +0 war axe!
* * * LOW HITPOINT WARNING * * *
You barely miss the orc warrior. Your headbutt misses the orc warrior.
You barely miss the orc warrior. The orc closely misses you.
The orc warrior hits you with a +0 war axe!
You die...

#................
###........######
###.######
#.##### #.....#
#####.# #)#
#o#######
#@o......
#########


You could see an orc warrior and an orc.

Vanquished Creatures
  Joseph (D:7)
  Grinder (D:5)
  Sigmund (D:5)
  A wyvern (D:7)
  A steam dragon (D:6)
  Edmund (D:5)
  A water moccasin (D:6)
  Duvessa (D:5)
  An ogre (D:4)
  A phantom (D:4)
  4 kobold brigands
  A necrophage (D:4)
  Blork the orc (D:5)
  2 bullfrogs
  A scorpion (D:5)
  Dowan (D:5)
  A jelly (D:6)
  2 orc priests (D:5)
  A hound (D:4)
  2 iguanas
  2 orc wizards
  13 gnolls
  6 adders
  A white imp (D:7)
  A worm (D:3)
  7 dart slugs
  15 orcs
  5 ball pythons
  11 endoplasms
  4 giant cockroaches
  7 goblins
  8 hobgoblins
  3 quokkas (D:1)
  2 bats
  3 frilled lizards
  28 kobolds
  7 rats
149 creatures vanquished.

Vanquished Creatures (others)
  An orc (D:6)
1 creature vanquished.

Grand Total: 150 creatures vanquished

Notes
Turn   | Place    | Note
-------+----------+-------------------------------------------
     0 | D:1      | Peloso the Minotaur Fighter began the quest for the Orb.
     0 | D:1      | Reached XP level 1. HP: 19/19 MP: 0/0
   169 | D:1      | Reached XP level 2. HP: 27/27 MP: 1/1
  1158 | D:2      | Reached XP level 3. HP: 27/33 MP: 2/2
  1806 | D:2      | Reached XP level 4. HP: 18/41 MP: 3/3
  2419 | D:3      | Reached XP level 5. HP: 43/47 MP: 4/4
  2613 | D:3      | Noticed Henri's ghost (amateur MfGl)
  2614 | D:3      | Found a transporter.
  2621 | D:3      | Found a transporter.
  2870 | D:3      | Reached skill level 5 in Armour
  3401 | D:4      | Noticed an ogre
  3404 | D:4      | Killed an ogre
  3405 | D:4      | Reached skill level 5 in Fighting
  3405 | D:4      | Reached XP level 6. HP: 56/56 MP: 5/5
  3680 | D:4      | Reached skill level 5 in Long Blades
  3681 | D:4      | Found a staircase to the Ecumenical Temple.
  3708 | Temple   | Entered the Ecumenical Temple
  3724 | Temple   | Became a worshipper of Warmaster Okawaru
  4016 | D:4      | Reached skill level 1 in Dodging
  4071 | D:4      | Reached XP level 7. HP: 48/60 MP: 6/6
  4413 | D:5      | Entered Level 5 of the Dungeon
  4413 | D:5      | Found Hakur's Distillery.
  4682 | D:5      | Reached * piety under Okawaru
  4957 | D:5      | Noticed Sigmund
  4963 | D:5      | Killed Sigmund
  4970 | D:5      | Noticed Edmund
  4984 | D:5      | Killed Edmund
  4985 | D:5      | Reached skill level 5 in Shields
  5129 | D:5      | Reached XP level 8. HP: 58/70 MP: 7/7
  5197 | D:5      | Noticed Grinder
  5200 | D:5      | Paralysed by Grinder for 2 turns
  5207 | D:5      | Killed Grinder
  5207 | D:5      | Reached ** piety under Okawaru
  5288 | D:5      | Found a runed translucent door.
  5289 | D:5      | Noticed ymhsbmbesitwf's ghost (amateur PaGl)
  5306 | D:5      | Found a runed translucent door.
  5356 | D:5      | Noticed Duvessa
  5356 | D:5      | Noticed Dowan
  5358 | D:5      | Noticed Blork the orc
  5362 | D:5      | Killed Duvessa
  5367 | D:5      | Killed Dowan
  5377 | D:5      | Killed Blork the orc
  5857 | D:6      | Found a bloodstained altar of Trog.
  5938 | D:6      | Reached skill level 1 in Evocations
  6157 | D:6      | Found Azuuqaw's Serpentskin Sales.
  6361 | D:6      | Bought a scroll of poison for 52 gold pieces
  6493 | D:7      | Reached XP level 9. HP: 35/79 MP: 8/8
  6744 | D:7      | Noticed Joseph
  6761 | D:7      | Killed Joseph
  7534 | D:7      | Mangled by an orc warrior

Illustrated notes

Levels and vault maps discovered:
D:1:      dpeg_arrival_tiny_d, layout_basic, roderic_cross_of_infinity
D:2:      layout_loops_corners
D:3:      minmay_skewed_foursquare, layout_basic, gammafunk_ghost_mausoleum
D:4:      cheibrodos_thug_alley, layout_loops_ring,
          minmay_temple_entry_purple_smoke
D:5:      layout_gridville, ebering_ghost_sewer_f, serial_shops,
          nicolae_stop_n_shop_2, sigmund_edmund_badplayer, uniq_blork_the_orc,
          uniq_duvessa, uniq_grinder
D:6:      layout_cave_pools, mainiacjoe_overflow_alcove_2, guppyfry_shop_venom
D:7:      layout_basic, serial_aquarium, aquarium_bridge_square
          [aquarium_subvault_window, aquarium_subvault_wall,
          aquarium_subvault_wall, aquarium_subvault_bridge],
          aquarium_bridge_island_small [aquarium_subvault_small_open,
          aquarium_subvault_bridge, aquarium_subvault_bridge,
          aquarium_subvault_window, aquarium_subvault_balcony],
          aquarium_window_corner, aquarium_window_1, aquarium_view_2d,
          nicolae_elevator_lobby_asterisk, uniq_joseph
Temple:   nicolae_temple_bog_church

Skill      XL: |  1  2  3  4  5  6  7  8  9 |
---------------+----------------------------+-----
Shields        | 4 5 6 |  6.0
Fighting       | 4 5 6 7 |  7.7
Long Blades    | 3 4 5 7 8 9 |  9.1
Armour         | 4 5 7 8 9 |  9.2
Dodging        | 1 |  1.9
Evocations     | 1 |  1.2
Stealth        | |  0.5

Action                   |  1- 3 |  4- 6 |  7- 9 || total
-------------------------+-------+-------+-------++-------
Melee: Long sword        |    79 |   148 |   229 ||   456
       Headbutt          |    14 |    26 |    44 ||    84
Invok: Heroism           |       |       |     3 ||     3
Evoke: Wand              |       |     2 |     8 ||    10
  Use: Scroll            |       |     4 |     2 ||     6
       Potion            |       |       |     1 ||     1
Armor: Scale mail        |     4 |       |       ||     4
       Chain mail        |    42 |    84 |    94 ||   220
Dodge: Dodged            |    33 |    59 |    81 ||   173
Block: Buckler           |    15 |    42 |    66 ||   123
